 Dungeon Crawl Stone Soup version 0.31-a0-150-g89dc3ad700 (webtiles) character file.

Game seed: 3774377695596771313

147 Dittersdorf the Trooper (level 5, -10/33 HPs)
             Began as a Gargoyle Fighter on June 8, 2023.
             Killed by divine providence
             ... invoked by an orc priest
              (14 damage)
             ... on level 3 of the Dungeon.
             The game lasted 00:02:55 (2283 turns).

Dittersdorf the Trooper (Gargoyle Fighter)          Turns: 2283, Time: 00:02:55

Health: -10/33     AC: 18    Str: 22    XL:     5   Next: 29%
Magic:  5/5        EV:  8    Int:  8    God:
Gold:   109        SH:  4    Dex:  9    Spells: 4/4 levels left

rFire   + . .        n - +0 morningstar
rCold   . . .        c - +0 buckler
rNeg    + . .        e - +0 chain mail
rPois   ∞            i - +0 helmet
rElec   +            (no cloak)
rCorr   .            (no gloves)
SInv    .            (no boots)
Will    .....        (no amulet) Stlth
                     f - ring of protection from fire
HPRegen 0.25/turn    g - +4 ring of protection
MPRegen 0.09/turn

%: no passive effects
@: no status effects
A: sickness immunity, AC +4, negative energy resistance 1, electricity
resistance, torment resistance 1, petrification resistance
a: no special abilities


You were on level 3 of the Dungeon.
You visited 1 branch of the dungeon, and saw 3 of its levels.

You collected 109 gold pieces.

Inventory:

Hand Weapons
 n - a +0 morningstar (weapon)
Missiles
 b - 3 poisoned darts
Armour
 a - a +0 plate armour
 c - a +0 buckler (worn)
 e - a +0 chain mail (worn)
 i - a +0 helmet (worn)
Jewellery
 f - a ring of protection from fire (left hand)
 g - a +4 ring of protection (right hand)
Wands
 q - a wand of roots (6)
Scrolls
 h - 4 scrolls of identify {unknown}
 m - 2 scrolls of magic mapping {unknown}
 o - 2 scrolls of amnesia {unknown}
Potions
 d - 2 potions of might
 j - 2 potions of heal wounds {unknown}
 k - a potion of curing {unknown}
 l - a potion of enlightenment {unknown}
 p - a potion of attraction {unknown}


   Skills:
 + Level 4.2 Fighting
 + Level 3.1 Maces & Flails
 + Level 4.2 Armour
 + Level 4.2 Shields


You had 4 spell levels left.
You didn't know any spells.
Your spell library contained the following spells:

 Spells                   Type           Power      Damage    Failure   Level
 Freeze                   Ice            0%         1d3       97%         1
 Frozen Ramparts          Ice            0%         1d1       100%        3
 Hailstorm                Conj/Ice       0%         3d3       100%        3


Dungeon Overview and Level Annotations

Branches:
Dungeon (3/15)

Altars:
Fedhas


Innate Abilities, Weirdness & Mutations

You are immune to sickness and miasma.
Your stone body is resilient. (AC +4)
You are immune to poison.
You resist negative energy. (rN+)
You are resistant to electric shocks. (rElec)
You are resistant to unholy torment.
You are immune to petrification.


Message History

You are too injured to fight recklessly!
You are too injured to fight recklessly!
You are too injured to fight recklessly!
You are too injured to fight recklessly!
You are too injured to fight recklessly!
You are too injured to fight recklessly!
You are too injured to fight recklessly!
You are too injured to fight recklessly!
You are too injured to fight recklessly!
You are too injured to fight recklessly!
The adder bites you but does no damage. The adder bites you but does no damage.
The adder bites you but does no damage. The adder attacks as you move away!
The adder bites you but does no damage. The adder attacks as you move away!
You block the adder's attack.
The rat twitches its whiskers.
The adder misses you. The adder closely misses you.
The adder attacks as you move away! The adder bites you but does no damage.
The adder attacks as you move away! You block the adder's attack.
The adder bites you but does no damage. The adder attacks as you move away!
The adder closely misses you. The adder attacks as you move away!
You block the adder's attack. The adder bites you but does no damage.
The adder attacks as you move away! The adder barely misses you.
The adder bites you but does no damage. The adder attacks as you move away!
The adder barely misses you.
An orc comes into view. It is wielding a +0 hand axe.
The adder bites you but does no damage. The adder attacks as you move away!
The adder bites you but does no damage.
The orc priest invokes the aid of Beogh against you.
Beogh smites you!
* * * LOW HITPOINT WARNING * * *
The adder attacks as you move away! The adder bites you but does no damage.
An orc comes into view. It is wielding a +0 short sword.
The adder attacks as you move away! The adder closely misses you.
The orc shouts!
The orc priest invokes the aid of Beogh against you.
Beogh smites you!
You die...

........########.###.#
..........# ###..##.#
###.......# #.......#
#.......####.##.####
#..........#.##.#
#.......##...##.#
###########..##.#
################..o.##
#...oo...o.S@.o..#..>#
#.##################.# #.#
#.........#.# #####o####
#.######.##.# .........#
#.#......<#.#
######.#.#####.#.##...##.#
oo.o...#.....#.#.#.....#.#
############.#.#<#.....#.#
#.......#.#.#.....#.#


You could see an orc priest, an adder and 3 orcs.

Vanquished Creatures
  A scorpion (D:1)
  3 adders (D:2)
  A worm (D:3)
  A dart slug (D:3)
  An orc (D:3)
  3 endoplasms
  A giant cockroach (D:2)
  7 goblins
  6 hobgoblins
  8 jackals
  A quokka (D:2)
  2 ball pythons
  8 bats
  A frilled lizard (D:1)
  A kobold (D:1)
  8 rats
53 creatures vanquished.

Notes
Turn   | Place    | Note
-------+----------+-------------------------------------------
     0 | D:1      | Dittersdorf the Gargoyle Fighter began the quest for the
                  | Orb.
     0 | D:1      | Reached XP level 1. HP: 14/14 MP: 1/1
   348 | D:1      | Reached XP level 2. HP: 19/19 MP: 2/2
   369 | D:1      | Found a faded altar of an unknown god.
   980 | D:2      | Reached XP level 3. HP: 23/23 MP: 3/3
  1013 | D:2      | Noticed a scorpion
  1132 | D:1      | Killed a scorpion
  1133 | D:1      | Reached XP level 4. HP: 25/29 MP: 4/4
  1330 | D:2      | Identified the +1 hand axe of Patience {freeze, Int+8
                  | Dex-4}
  1611 | D:2      | Reached XP level 5. HP: 31/33 MP: 5/5
  2193 | D:3      | Found a blossoming altar of Fedhas.
  2283 | D:3      | Killed from afar by an orc priest

Illustrated notes

Levels and vault maps discovered:
D:1:      evilmike_arrival_rings, layout_loops_ring, basic_ecumenical_altar,
          chequers_serial_rivers_room_b
D:2:      layout_basic, st_stairs_11, item_on_display_a
D:3:      layout_basic, grunt_temple_overflow_forces_of_nature, st_stairs_13

Skill      XL: |  1  2  3  4 |
---------------+-------------+-----
Fighting       | 4 |  4.2
Armour         | 4 |  4.2
Shields        | 4 |  4.2
Maces & Flails | 3 |  3.1

Action                     |  1- 3 |  4- 6 || total
---------------------------+-------+-------++-------
  Melee: Flail             |    87 |    25 ||   112
         Morningstar       |       |    79 ||    79
 Armour: Chain mail        |    78 |    92 ||   170
         Scale mail        |     5 |       ||     5
  Dodge: Dodged            |    42 |    63 ||   105
  Block: Buckler           |    30 |    29 ||    59

Table legend: (Time is in decaauts)
 A = Elapsed time spent in this place.
 B = Non-inter-level travel time spent in this place.
 C = Inter-level travel time spent in this place.
 D = Time resting spent in this place.
 E = Time spent auto-exploring this place.
 F = Levels seen in this place.
 G = Mean time per level.
                   A        B        C        D        E       F      G
               +--------+--------+--------+--------+--------+-----+--------+
         Total |   2351 |   2216 |    135 |    103 |   1563 |   3 |  783.7 |
       Dungeon |   2351 |   2216 |    135 |    103 |   1563 |   3 |  783.7 |
               +--------+--------+--------+--------+--------+-----+--------+

Top non-repeatable levels by time:
     D:1: 1012 daAuts
     D:2: 848 daAuts
     D:3: 490 daAuts
